 Dungeon Crawl Stone Soup version 0.29-a0-221-gceb61267dd (webtiles) character file.

Game seed: 5871993688337975531

269 shoop the Vexing (level 6, -2/34 HPs)
             Began as a Deep Elf Arcane Marksman on Feb 26, 2022.
             Slain by a scorpion (7 damage)
             ... on level 5 of the Dungeon.
             The game lasted 00:09:19 (4504 turns).

shoop the Vexing (Deep Elf Arcane Marksman)         Turns: 4504, Time: 00:09:20

Health: -2/34      AC:  4    Str: 13    XL:     6   Next: 1%
Magic:  1/13       EV: 13    Int: 20    God:
Gold:   226        SH:  0    Dex: 15    Spells: 6/11 levels left

rFire   . . .      SeeInvis .   a - +0 shortbow
rCold   . . .      Faith    .   (shield currently unavailable)
rNeg    . . .      Spirit   .   b - +0 robe
rPois   .          Reflect  .   i - +0 helmet
rElec   .          Harm     .   y - +0 cloak
rCorr   .          Rampage  .   (no gloves)
Will    .....                   (no boots)
Stlth   ++........              (no amulet)
HPRegen 0.11/turn               c - +6 ring of strength
MPRegen 0.13/turn               (no ring)

@: very slightly contaminated
A: no striking features
a: no special abilities


You were on level 5 of the Dungeon.
You visited 1 branch of the dungeon, and saw 5 of its levels.

You collected 226 gold pieces.

Inventory:

Hand Weapons
 a - a +0 shortbow (weapon)
Missiles
 q - a throwing net
Armour
 b - a +0 robe (worn)
 i - a +0 helmet (worn)
 y - a +0 cloak (worn)
Jewellery
 c - a +6 ring of strength (left hand)
 A - a ring of ice
Wands
 r - a wand of iceblast (13)
 x - a wand of flame (22)
 z - a wand of acid (6)
Scrolls
 f - 2 scrolls of silence {unknown}
 h - a scroll of blinking {unknown}
 l - 3 scrolls of fog {unknown}
 m - 2 scrolls of immolation {unknown}
 t - a scroll of identify {unknown}
 u - a scroll of teleportation {unknown}
 v - 4 scrolls of amnesia {unknown}
Potions
 d - a potion of cancellation {unknown}
 e - 2 potions of flight {unknown}
 g - 2 potions of invisibility {unknown}
 j - a potion of heal wounds {unknown}
 k - 2 potions of might
 n - 6 potions of mutation {unknown}
 o - a potion of brilliance {unknown}
 p - a potion of resistance {unknown}
 s - a potion of lignification {unknown}
 w - a potion of degeneration {unknown}


   Skills:
 - Level 1.0 Fighting
 + Level 4.1 Bows
 - Level 3.0 Dodging
 - Level 3.0 Stealth
 + Level 3.4 Spellcasting
 * Level 6.1 Hexes
 + Level 1.5 Evocations


You had 6 spell levels left.
You knew the following spells:

 Your Spells              Type           Power      Damage    Failure   Level
a - Slow                  Hex            100%       N/A       1%          1
f - Cause Fear            Hex            14%        N/A       11%         4

Your spell library contained the following spells:

 Spells                   Type           Power      Damage    Failure   Level
 Inner Flame              Hex/Fire       15%        N/A       12%         3
 Portal Projectile        Hex/Tloc       30%        N/A       12%         3
 Magic Dart               Conj           12%        1d3       14%         1
 Call Imp                 Summ           3%         N/A       21%         2
 Mephitic Cloud           Conj/Pois/Air  3%         N/A       38%         3


Dungeon Overview and Level Annotations

Branches:
Dungeon (5/15)
 Temple: D:4-7

Altars:
Ru

Annotations:
D:3 Grinder
D:4 Edmund, Eustachio


Message History

The sky beast seems to regain its courage.
The sky beast hits you but does no damage.
The sky beast hits you. The sky beast shocks you.
Casting: Cause Fear (quite dangerous; 11% risk of failure)
Confirm with . or Enter, or press ? or * to list all spells.
The spell is quite dangerous to miscast (11% risk of failure)!
Continue anyway?
Casting: Cause Fear (quite dangerous; 11% risk of failure)
Press: ? - help, Dir - look around, f - activate The sky beast resists with some effort.
The sky beast hits you but does no damage.
The sky beast flickers out of sight!
Deactivating autopickup; reactivate with Ctrl-A.
A sky beast appears from thin air!
Reactivating autopickup.
Casting: Cause Fear (quite dangerous; 11% risk of failure)
Confirm with . or Enter, or press ? or * to list all spells.
The spell is quite dangerous to miscast (11% risk of failure)!
Continue anyway?
Casting: Cause Fear (quite dangerous; 11% risk of failure)
Press: ? - help, Dir - look around, f - activate The sky beast looks frightened!
The orc looks frightened!
A scorpion comes into view.
The scorpion closely misses you.
The scorpion stings you but does no damage.
The orc wizard shouts!
The orc shouts!
The scorpion stings you.
The scorpion stings you but does no damage.
The orc wizard gestures wildly while chanting.
The orc wizard flickers and vanishes!
Deactivating autopickup; reactivate with Ctrl-A.
Casting: Cause Fear (quite dangerous; 11% risk of failure)
Confirm with . or Enter, or press ? or * to list all spells.
The spell is quite dangerous to miscast (11% risk of failure)!
Continue anyway?
Casting: Cause Fear (quite dangerous; 11% risk of failure)
Press: ? - help, Dir - look around, f - activate You miscast Cause Fear.
You are very lightly contaminated with residual magic.
Nothing appears to happen.
The scorpion stings you.
* * * LOW HITPOINT WARNING * * *
The scorpion stings you!
You die...

##).## ####.#.#.....)
#....# #.#.#..o...
#....######.#.##.....
#....................
#.>...........o.....<
#.#..######...#####.#
#.#..# #...# #.#
#.#..######...#####.#
#...@#....o.........#
#..#.s.####..#####..#
#..###.....#..# #..#
#.. #........... ...
#.......##.#..###
#.##.##.# .#..# #. #.
... ...# ## #.#. .##
... ..


You could see a scorpion.

Vanquished Creatures
  2 hounds
  Natasha (thrice) (D:2)
  An orc wizard (D:3)
  2 adders
  A dart slug (D:4)
  11 orcs
  8 ball pythons
  4 endoplasms
  2 giant cockroaches (D:2)
  6 hobgoblins
  5 jackals (D:2)
  12 kobolds
  2 quokkas
  9 bats
  4 frilled lizards
  3 goblins
  7 rats
82 creatures vanquished.

Notes
Turn   | Place    | Note
-------+----------+-------------------------------------------
     0 | D:1      | shoop the Deep Elf Arcane Marksman began the quest for the
                  | Orb.
     0 | D:1      | Reached XP level 1. HP: 11/11 MP: 5/5
   147 | D:1      | Found a faded altar of an unknown god.
   160 | D:1      | Reached skill level 1 in Stealth
   433 | D:1      | Reached XP level 2. HP: 16/16 MP: 6/6
   986 | D:2      | Noticed Natasha
   988 | D:2      | Killed Natasha
   989 | D:2      | Reached skill level 1 in Fighting
   989 | D:2      | Reached XP level 3. HP: 12/20 MP: 7/7
  1224 | D:2      | Noticed Natasha
  1234 | D:2      | Killed Natasha
  1235 | D:2      | Reached XP level 4. HP: 17/25 MP: 6/8
  1240 | D:2      | Learned a level 4 spell: Cause Fear
  1632 | D:2      | Noticed Natasha
  1647 | D:2      | Killed Natasha
  2203 | D:2      | Reached skill level 5 in Hexes
  2577 | D:2      | Reached XP level 5. HP: 29/29 MP: 10/10
  2631 | D:3      | Noticed Grinder
  2827 | D:3      | Found a sacrificial altar of Ru.
  3599 | D:4      | Reached skill level 1 in Evocations
  3978 | D:4      | Noticed Eustachio
  4074 | D:4      | Noticed Edmund
  4101 | D:4      | Reached skill level 6 in Hexes
  4329 | D:5      | Entered Level 5 of the Dungeon
  4394 | D:5      | Reached XP level 6. HP: 34/34 MP: 11/13
  4434 | D:5      | Noticed a sky beast
  4504 | D:5      | Slain by a scorpion

Illustrated notes

Levels and vault maps discovered:
D:1:      dpeg_arrival_three_same_balls, layout_basic,
          ebering_ecumenical_altar_petrified
D:2:      layout_loops_ring, chequers_serial_rivers_large_a, roderic_lattice_a,
          minmay_joined_circles, uniq_natasha
D:3:      layout_basic, mainiacjoe_overflow_alcove_1,
          amcnicky_mini_corridor_feature, eino_tiny_chamber,
          kennysheep_decorative_pillar, uniq_grinder
D:4:      layout_gridville, uniq_edmund, uniq_eustachio
D:5:      minmay_opposing_rooms, layout_loops_ring,
          minmay_temple_entry_statues_fountains

Skill      XL: |  1  2  3  4  5 |
---------------+----------------+-----
Stealth        | 2 3 |  3.0
Fighting       | 1 |  1.0
Bows           | 3 4 |  4.1
Dodging        | 3 |  3.0
Spellcasting   | 2 3 |  3.4
Hexes          | 5 6 |  6.1
Evocations     | 1 |  1.5

Action                   |  1- 3 |  4- 6 || total
-------------------------+-------+-------++-------
Melee: Shortbow          |       |     1 ||     1
 Fire: Shortbow          |    60 |   219 ||   279
 Cast: Slow              |     2 |    18 ||    20
       Cause Fear        |       |     3 ||     3
Armor: Robe              |     7 |    29 ||    36
Dodge: Dodged            |    12 |    74 ||    86

Table legend: (Time is in decaauts)
 A = Elapsed time spent in this place.
 B = Non-inter-level travel time spent in this place.
 C = Inter-level travel time spent in this place.
 D = Time resting spent in this place.
 E = Time spent auto-exploring this place.
 F = Levels seen in this place.
 G = Mean time per level.
                   A        B        C        D        E       F      G
               +--------+--------+--------+--------+--------+-----+--------+
         Total |   4598 |   4451 |    147 |    182 |   3437 |   5 |  919.6 |
       Dungeon |   4598 |   4451 |    147 |    182 |   3437 |   5 |  919.6 |
               +--------+--------+--------+--------+--------+-----+--------+

Top non-repeatable levels by time:
     D:2: 1955 daAuts
     D:3: 1109 daAuts
     D:1: 765 daAuts
     D:4: 583 daAuts
     D:5: 184 daAuts
